 Dungeon Crawl Stone Soup version 0.18-a0-816-g97f838e (webtiles) character file.

117 M4edhros the Charlatan (level 5, 0/33 HPs)
             Began as an Octopode Artificer on Dec 15, 2015.
             Slain by a hobgoblin (5 damage)
             ... on level 3 of the Dungeon.
             The game lasted 00:03:24 (1734 turns).

M4edhros the Charlatan (Octopode Artificer)         Turns: 1734, Time: 00:03:24

Health: 0/33       AC:  1    Str: 10      XL:     5   Next: 1%
Magic:  8/8        EV: 12    Int: 14 (15) God:
Gold:   51         SH:  0    Dex: 13      Spells: 0 memorised, 4 levels left

rFire  . . .     SeeInvis .     a - +0 short sword
rCold  . . .     Clarity  .     (no shield)
rNeg   . . .     SustAt   .     (helmet restricted)
rPois  .         Gourm    .     (no amulet)
rElec  .         Spirit   .     k - ring of wizardry
rCorr  .         Dismiss  .     (no ring)
rMut   .         Stasis   .     (no ring)
MR     .....                    (no ring)
Stlth  ++++......               (no ring)
                                (no ring)
                                (no ring)
                                (no ring)

@: not resistant to hostile enchantments, stealthy
A: almost no armour, amphibious, 8 rings, constrict 8, camouflage 1, gelatinous
body 1
a: no special abilities


You were on level 3 of the Dungeon.
You were hungry.

You visited 1 branch of the dungeon, and saw 4 of its levels.

You collected 51 gold pieces.

Inventory:

Hand Weapons
 a - a +0 short sword (weapon)
Missiles
 e - 25 stones (quivered)
Jewellery
 k - a ring of wizardry (left tentacle)
Wands
 b - a wand of flame (12)
 c - a wand of enslavement (13)
 d - a wand of random effects (10)
Scrolls
 i - a scroll of recharging {unknown}
 l - a scroll of identify {unknown}
Comestibles
 f - 2 bread rations
 g - a slice of pizza
 j - 2 meat rations
 m - 3 fruits


   Skills:
 - Level 1.0 Fighting
 - Level 1.0 Short Blades
 - Level 2.0 Dodging
 + Level 4.6 Stealth
 + Level 4.9 Evocations


You had 4 spell levels left.
You didn't know any spells.

Dungeon Overview and Level Annotations

Branches:
Dungeon (4/15)
 Temple: D:4-7

Altars:
Elyvilon
Fedhas
Kikubaaqudgha


Innate Abilities, Weirdness & Mutations

You cannot wear most types of armour.
You are amphibious.
You can wear up to eight rings at the same time.
You can use your tentacles to constrict eight enemies at once.
Your skin changes colour to match your surroundings (Stealth).
Your rubbery body absorbs attacks (AC +1).


Message History

There is a stone staircase leading up here.
You are feeling hungry.
The jackal skeleton completely misses you.
You climb upwards.
There is a stone staircase leading down here.
You start resting.
A hobgoblin is nearby!
You are too injured to fight recklessly!
You are too injured to fight recklessly!
You are too injured to fight recklessly!
The hobgoblin hits you.
* * * LOW HITPOINT WARNING * * *
You closely miss the hobgoblin. Your grab misses the hobgoblin.
The hobgoblin barely misses you.
You barely miss the hobgoblin. Your grab misses the hobgoblin.
The hobgoblin hits you.
* * * LOW HITPOINT WARNING * * *
You closely miss the hobgoblin. Your grab misses the hobgoblin.
The hobgoblin hits you.
You die...

.........####
<.......†...#
........###.#
#...........## .#
#............# #..#
#....[.÷...#.##....#
#..........<....# #
#..........#g#### .#
#..........#@# #.
#########....## ###g
#.#..>###..
#...#[.##.#
##..##..#.#
##..)....##
#..###...#
......)....#
##...#####....


You could see a hobgoblin.

Vanquished Creatures
  2 orc wizards
  2 adders
  An ooze (D:2)
  2 worms
  2 giant geckos
  5 orcs
  A giant cockroach (D:3)
  3 goblins (D:1)
  3 hobgoblins
  3 jackals (D:1)
  A kobold (D:1)
  2 bats
  A giant newt (D:2)
  2 rats (D:1)
30 creatures vanquished.

Vanquished Creatures (others)
  An adder (D:2)
1 creature vanquished.

Grand Total: 31 creatures vanquished

Notes
Turn   | Place    | Note
--------------------------------------------------------------
     0 | D:1      | M4edhros the Octopode Artificer began the quest for the Orb.
     0 | D:1      | Reached XP level 1. HP: 13/13 MP: 3/3
   322 | D:1      | Reached XP level 2. HP: 16/18 MP: 4/4
   474 | D:2      | Found a white marble altar of Elyvilon.
   482 | D:2      | Found an ancient bone altar of Kikubaaqudgha.
   657 | D:2      | Found a blossoming altar of Fedhas.
   798 | D:2      | Reached skill level 4 in Evocations
   798 | D:2      | Reached XP level 3. HP: 21/23 MP: 4/6
  1249 | D:3      | Reached XP level 4. HP: 18/28 MP: 7/7
  1426 | D:4      | Reached XP level 5. HP: 21/33 MP: 8/8
  1734 | D:3      | Slain by a hobgoblin

Vault maps used:
D:1:      roderic_crop_circles_arrival_small
D:2:      grunt_temple_overflow_open, first_bread, minivault_14,
          minmay_misc_feat_nine_boxes, fedhas_altar_2, uniq_sigmund
D:3:      minmay_misc_feat_doors
D:4:      grunt_temple_overflow_forces_of_nature, serial_shops,
          nicolae_shop_overgrown_old_shop, hangedman_decor_riveting

Action                   |  1- 3 |  4- 6 || total
-------------------------+-------+-------++-------
Melee: Short sword       |    56 |    22 ||    78
Evoke: Wand              |     5 |     5 ||    10
  Use: Potion            |       |     1 ||     1
 Stab: Sleeping          |     4 |       ||     4
  Eat: Chunk             |       |     2 ||     2
